 Dungeon Crawl Stone Soup version 0.31-a0-161-gb58dd9be76 (webtiles) character file.

Game seed: 15000383659029826144

183 qw the Shooter (level 5, -1/32 HPs)
             Began as a Gargoyle Hunter on June 12, 2023.
             Was an Initiate of Okawaru.
             Slain by an orc wizard
             ... wielding a +0 dagger
              (2 damage)
             ... on level 4 of the Dungeon.
             The game lasted 00:00:57 (2523 turns).

qw the Shooter (Gargoyle Hunter)                    Turns: 2523, Time: 00:00:57

Health: -1/32      AC:  8    Str: 15    XL:     5   Next: 62%
Magic:  5/5        EV: 11    Int:  9    God:    Okawaru [......]
Gold:   223        SH:  0    Dex: 15    Spells: 4/4 levels left

rFire   . . .        Y - +1 shortbow
rCold   . . .        (shield currently unavailable)
rNeg    + . .        c - +0 leather armour
rPois   inf          (no helmet)
rElec   +            (no cloak)
rCorr   .            (no gloves)
SInv    .            a - +0 pair of boots
Will    .....        b - amulet of faith
Stlth   ++           (no ring)
HPRegen 0.25/turn    (no ring)
MPRegen 0.09/turn

%: faith
@: no status effects
A: sickness immunity, AC +4, negative energy resistance 1, electricity
resistance, torment resistance 1, petrification resistance
a: Renounce Religion


You were on level 4 of the Dungeon.
You worshipped Okawaru.
Okawaru was noncommittal.
You visited 2 branches of the dungeon, and saw 5 of its levels.

You collected 223 gold pieces.


Innate Abilities, Weirdness & Mutations

You are immune to sickness and miasma.
Your stone body is resilient. (AC +4)
You are immune to poison.
You resist negative energy. (rN+)
You are resistant to electric shocks. (rElec)
You are resistant to unholy torment.
You are immune to petrification.


   Skills:
 - Level 3.0 Fighting
 - Level 6.4 Ranged Weapons
 + Level 0.0 Armour
 - Level 1.5 Dodging
 - Level 1.1 Stealth


You had 4 spell levels left.
You didn't know any spells.
Your spell library was empty.

Inventory:

Hand Weapons
 Y - a +1 shortbow (weapon)
Armour
 a - a +0 pair of boots (worn)
 c - a +0 leather armour (worn)
Jewellery
 b - an amulet of faith (around neck)
Scrolls
 f - a scroll of identify
Potions
 g - a potion of haste
 h - a potion of berserk rage
 j - a potion of mutation {unknown}

Dungeon Overview and Level Annotations

Branches:
Dungeon (4/15)             Temple (1/1) D:4

Altars:
Dithmenos
Elyvilon
Fedhas
Gozag
Hepliaklqana
Nemelex Xobeh
Okawaru
Ru
Sif Muna
Trog
Uskayaw
Vehumet
Yredelemnul
Zin
The Shining One


Message History

A magic dart appears from out of thin air!
The magic dart hits you. The orc wizard closely misses you. x2
Something hits you but does no damage.
The orc wizard hits you but does no damage.
You hear some strange, mumbled words.
A magic dart appears from out of thin air!
The magic dart hits you. The orc wizard barely misses you.
The orc wizard hits you but does no damage.
You hear some strange, mumbled words.
A magic dart appears from out of thin air!
The magic dart hits you but does no damage.
The orc wizard casts a spell at you. You resist with some effort.
Something hits you but does no damage.
The orc wizard hits you with a +0 dagger. x2
You hear some strange, mumbled words.
Something tries to affect you, but you resist.
The orc wizard hits you but does no damage.
Something hits you but does no damage.
The orc wizard hits you with a +0 dagger. x2
Something hits you but does no damage. The orc wizard barely misses you.
You feel less confused. Something hits you but does no damage.
The orc wizard points at you and mumbles some strange words.
The puff of flame misses you.
The orc wizard hits you with a +0 dagger.
Something hits you but does no damage.
The orc wizard mumbles some strange words.
The orc wizard flickers and vanishes!
You shoot an arrow. The arrow misses the orc wizard.
Something hits you but does no damage.
The orc wizard hits you with a +0 dagger.
The orc wizard hits you but does no damage.
Something hits you but does no damage. Something barely misses you.
You shoot an arrow. The arrow hits the orc wizard.
The orc wizard is severely wounded.
Something hits you but does no damage.
The orc wizard hits you but does no damage.
The orc wizard hits you with a +0 dagger.
You die...

..............<
......<...####.
..##.####.# #. # ####.#
.# #.# .# #.# .#
##.###.# ####.# ..
....#.# ...#.# #
#.#...#
.....#########.#.$#
...............{@{###.#
.....# ###...{oo....#
.....#######......##.##
...........#..###..# #
...#.#####....#.#....#
####.# #..#'#.###..#
#.. .....#..:..#..#
#.######.# #.###..# #..
... #.# #


You could see 2 orc wizards.

Vanquished Creatures
  A black bear (D:4)
  An adder (D:2)
  A gnoll (D:1)
  4 worms
  5 dart slugs
  2 ball pythons
  3 bats (D:1)
  4 endoplasms
  3 giant cockroaches
  5 goblins
  2 hobgoblins
  2 jackals (D:1)
  A quokka (D:3)
  3 frilled lizards
  9 kobolds
  3 rats (D:1)
49 creatures vanquished.

Notes
Turn   | Place    | Note
-------+----------+-------------------------------------------
     0 | D:1      | qw the Gargoyle Hunter began the quest for the Orb.
     0 | D:1      | Reached XP level 1. HP: 12/12 MP: 1/1
     0 | D:1      | 0 ||| qw: Version: 0.2-a-29-gc1b59c4
     0 | D:1      | 0 ||| qw: Game counter: 4227
     0 | D:1      | 0 ||| qw: Always use a shield: true
     0 | D:1      | 0 ||| qw: God list: Okawaru
     0 | D:1      | 0 ||| qw: Allow faded altars: false
     0 | D:1      | 0 ||| qw: Do Orc after D:15 true
     0 | D:1      | 0 ||| qw: Do second Lair branch before Depths: true
     0 | D:1      | 0 ||| qw: Lair rune preference: random
     0 | D:1      | 0 ||| qw: Plans: Normal, Zot:1-4, Slime:5, God:TSO, Crypt,
                  | Tomb, Abyss, Pan, Hells, Win
     0 | D:1      | 0 ||| PLANNING D:1-11
    84 | D:1      | Reached XP level 2. HP: 17/17 MP: 2/2
   157 | D:1      | Reached XP level 3. HP: 21/21 MP: 3/3
   267 | D:1      | Reached skill level 5 in Ranged Weapons
   570 | D:1      | 570 ||| READING scroll labelled OMOGOOMEFF.
   571 | D:1      | 571 ||| READING scroll labelled VUNWEOGOQOH.
   572 | D:1      | 572 ||| DROPPING scroll of butterflies.
   779 | D:2      | Reached skill level 3 in Fighting
   832 | D:2      | Reached XP level 4. HP: 28/28 MP: 4/4
  1175 | D:2      | 1175 ||| UPGRADING to +0 pair of boots.
  1180 | D:2      | 1180 ||| READING 3 scrolls labelled HUP PU TUMNUK.
  1181 | D:2      | 1181 ||| READING scroll labelled COV MOTESCH.
  1182 | D:2      | 1182 ||| DROPPING 2 scrolls of summoning.
  2055 | D:3      | Found a sacrificial altar of Ru.
  2086 | D:3      | 2086 ||| UPGRADING to amulet of faith.
  2091 | D:3      | 2091 ||| READING scroll labelled MORIAMAKLO.
  2109 | D:3      | 2109 ||| READING scroll labelled LEDDOG ARUKH.
  2110 | D:3      | 2110 ||| READING 3 scrolls of identify.
  2110 | D:3      | 2110 ||| IDENTIFYING sedimented ruby potion
  2111 | D:3      | 2111 ||| READING 2 scrolls of identify.
  2111 | D:3      | 2111 ||| IDENTIFYING white potion
  2147 | D:4      | Found a staircase to the Ecumenical Temple.
  2148 | D:4      | 2148 ||| PLANNING TEMPLE
  2148 | D:4      | 2148 ||| STAIRDANCE
  2152 | D:4      | 2152 ||| STAIRDANCE
  2156 | D:4      | 2156 ||| STAIRDANCE
  2162 | D:4      | 2162 ||| STAIRDANCE
  2166 | D:4      | 2166 ||| STAIRDANCE
  2170 | D:4      | 2170 ||| STAIRDANCE
  2193 | D:4      | 2193 ||| STAIRDANCE
  2197 | D:4      | 2197 ||| STAIRDANCE
  2218 | Temple   | Entered the Ecumenical Temple
  2244 | Temple   | 2244 ||| PLANNING OKAWARU WORSHIP
  2312 | Temple   | Became a worshipper of Warmaster Okawaru
  2312 | Temple   | 2312 ||| PLANNING D:1-11
  2342 | D:4      | Noticed a black bear
  2349 | D:4      | HP: 5/28 [black bear (4)]
  2350 | D:4      | Killed a black bear
  2351 | D:4      | Reached skill level 6 in Ranged Weapons
  2351 | D:4      | Reached XP level 5. HP: 6/32 MP: 5/5
  2468 | D:4      | Reached * piety under Okawaru
  2499 | D:4      | 2499 ||| READING 2 scrolls of identify.
  2499 | D:4      | 2499 ||| IDENTIFYING fuming puce potion
  2500 | D:4      | 2500 ||| INVOKING Heroism.
  2503 | D:4      | 2503 ||| DRINKING potion of curing.
  2503 | D:4      | 2503 ||| (to cure confusion)
  2519 | D:4      | HP: 7/32 [orc wizard/+0 dagger (2)]
  2521 | D:4      | HP: 1/32 [orc wizard/+0 dagger (3)]
  2523 | D:4      | Slain by an orc wizard

Levels and vault maps discovered:
D:1:      dpeg_arrival_castle, layout_basic, amcnicky_mini_pool_small,
          minmay_worlds_worst_comb
D:2:      layout_loops_cross
D:3:      layout_loops_corners, overflow_temple_1_default
D:4:      minmay_goblin_kobold_castle, layout_loops_ring,
          minmay_temple_entry_stoned_glass, minmay_a_box_with_orc_wizards_in_it
Temple:   nicolae_temple_great_sept

Skill      XL: |  1  2  3  4 |
---------------+-------------+-----
Ranged Weapons | 5 6 |  6.4
Fighting       | 3 |  3.0
Dodging        | |  1.5
Stealth        | |  1.1

Action                     |  1- 3 |  4- 6 || total
---------------------------+-------+-------++-------
   Fire: Shortbow          |    83 |    96 ||   179
 Invoke: Heroism           |       |     1 ||     1
    Use: Scroll            |     2 |     7 ||     9
         Potion            |       |     1 ||     1
 Armour: Leather armour    |     9 |    49 ||    58
  Dodge: Dodged            |    18 |    51 ||    69

Table legend:
 A = Non-vault XP
 B = Vault XP
 C = Vault XP percentage of total XP
 D = Non-vault monster count
 E = Vault monster count
 F = Vault count percentage of total count
                 A         B        C        D         E       F
            +---------+---------+-------+---------+---------+-------
      Total |     260 |       2 |   0.8 |      48 |       1 |   2.0
            +---------+---------+-------+---------+---------+-------
        D:1 |      43 |       2 |   4.4 |      19 |       1 |   5.0
        D:2 |      44 |       0 |   0.0 |      13 |       0 |   0.0
        D:3 |      40 |       0 |   0.0 |      14 |       0 |   0.0
        D:4 |     133 |       0 |   0.0 |       2 |       0 |   0.0
            +---------+---------+-------+---------+---------+-------
